[Event "Faroese-ch Candidates 2025"]
[Site "Torshavn"]
[Date "2025.04.18"]
[Round "7.1"]
[White "Hojgaard, Brandur"]
[Black "Dahl, Karl M"]
[Result "1-0"]
[Annotator "NA"]
[ECO "D00"]
[WhiteElo "1861"]
[BlackElo "1772"]
[PlyCount "87"]
[EventDate "2025.04.11"]
[EventType "tourn"]
[EventCountry "FAI"]
[SourceTitle "playchess.com"]
[Source "ChessBase"]
[SourceQuality "1"]
[TimeControl "40/5400+30:900+30"]

1. d4 Nf6 2. Bf4 g6 3. Nc3 d5 4. Qd2 Bg7 5. Bh6 O-O 6. Nf3 c6 7. Bxg7 Kxg7 8. h4 h5 9. Ne5 c5 10. e3 Nc6 11. O-O-O cxd4 12. exd4 Bf5 13. f3 Rc8 14. g4 hxg4 15. fxg4 Nxg4 16. Nxg4 Bxg4 17. Be2 Bxe2 18. Qxe2 Rh8 19. h5 Qd6 20. Qg4 Rcf8 21. Rhg1 Rh6 22. hxg6 fxg6 23. Rdf1 Rf6 24. Ne2 Qe6 25. Qg2 Qe3+ 26. Kb1 Nxd4 27. Rxf6 exf6 28. Nc3 Qe5 29. a3 g5 30. Qg4 Kg6 31. Qd7 Rh7 32. Qg4 Ne6 33. Qg2 Nf4 34. Qd2 d4 35. Nd1 f5 36. Re1 Qd5 37. Qb4 Rh1 38. Rxh1 Qxh1 39. Qd6+ Kh5 40. Qxd4 Qe1 41. Ka2 Qe6+ 42. Kb1 Kh4 43. Ne3 g4 44. Qxf4 1-0

[Event "Faroese-ch Candidates 2025"]
[Site "Torshavn"]
[Date "2025.04.18"]
[Round "7.2"]
[White "Logv, Hanus a"]
[Black "Davidsen, Rokur"]
[Result "0-1"]
[Annotator "NA"]
[ECO "B70"]
[WhiteElo "1744"]
[BlackElo "1824"]
[PlyCount "82"]
[EventDate "2025.04.11"]
[EventType "tourn"]
[EventCountry "FAI"]
[SourceTitle "playchess.com"]
[Source "ChessBase"]
[SourceQuality "1"]
[TimeControl "40/5400+30:900+30"]

1. e4 c5 2. Nf3 d6 3. d4 cxd4 4. Nxd4 Nf6 5. Nc3 g6 6. Bc4 Bg7 7. O-O O-O 8. Bb3 Nbd7 9. f3 Nc5 10. Be3 Bd7 11. Qd2 Re8 12. Bh6 Bh8 13. Nf5 Nxb3 14. axb3 d5 15. Ng3 dxe4 16. Ngxe4 Bf5 17. Qxd8 Raxd8 18. Be3 a6 19. Rad1 Nxe4 20. fxe4 Bxc3 21. exf5 Bxb2 22. fxg6 hxg6 23. c4 Kg7 24. Bb6 Rd6 25. c5 Bd4+ 26. Kh1 Rd5 27. c6 e5 28. cxb7 Rb8 29. Bc7 Rxb7 30. Bxe5+ Rxe5 31. Rxd4 Rxb3 32. Rd7 Rf5 33. Ra1 Rb2 34. Ra7 Rff2 35. Rg1 Ra2 36. h3 Kh6 37. Kh2 f5 38. Kg3 f4+ 39. Kg4 Ra3 40. Rf7 Rg3+ 41. Kh4 g5# 0-1

[Event "Faroese-ch Candidates 2025"]
[Site "Torshavn"]
[Date "2025.04.18"]
[Round "7.3"]
[White "Justinussen, Sigurd B."]
[Black "Hojsted, Ingi"]
[Result "0-1"]
[Annotator "NA"]
[ECO "A53"]
[WhiteElo "1948"]
[BlackElo "1841"]
[PlyCount "138"]
[EventDate "2025.04.11"]
[EventType "tourn"]
[EventCountry "FAI"]
[SourceTitle "playchess.com"]
[Source "ChessBase"]
[SourceQuality "1"]
[TimeControl "40/5400+30:900+30"]

1. d4 d6 2. c4 Nf6 3. Nc3 c6 4. Nf3 Bg4 5. e3 Nbd7 6. Be2 e5 7. O-O Be7 8. b4 O-O 9. a3 e4 10. Nd2 Bxe2 11. Qxe2 d5 12. c5 Ne8 13. f3 f5 14. Rb1 a6 15. Nb3 b6 16. cxb6 Nxb6 17. Na5 Qd7 18. Qc2 Nd6 19. Na4 Nxa4 20. Qxa4 Rfc8 21. Qc2 Bd8 22. Nb3 Bb6 23. Bb2 Nc4 24. Rbe1 a5 25. Nd2 Nd6 26. Bc3 a4 27. Re2 h6 28. fxe4 fxe4 29. Ref2 Re8 30. Qd1 g6 31. Qe1 Nf5 32. Qe2 Bc7 33. Qg4 Qd6 34. Rxf5 Qxh2+ 35. Kf2 Qg3+ 36. Qxg3 Bxg3+ 37. Kxg3 gxf5 38. Rxf5 Rf8 39. Rh5 Rf6 40. b5 Raf8 41. bxc6 Rxc6 42. Bb4 Rg6+ 43. Kh3 Rf2 44. g4 Re2 45. Rxd5 Rxe3+ 46. Kh4 Re2 47. Re5 e3 48. Nf1 Kg7 49. Nxe3 Rf2 50. d5 h5 51. Rxh5 Rh2+ 52. Kg3 Rxh5 53. Kf4 Rh1 54. d6 Kf7 55. d7 Rg8 56. Ba5 Ke7 57. d8=Q+ Rxd8 58. Bxd8+ Kxd8 59. g5 Ke8 60. Kf5 Rh3 61. Kf4 Kf7 62. Ke4 Kg6 63. Kd4 Kxg5 64. Nc4 Rb3 65. Nd2 Rxa3 66. Kc4 Rh3 67. Ne4+ Kf4 68. Nc3 a3 69. Kb4 Ke5 0-1

[Event "Faroese-ch Candidates 2025"]
[Site "Torshavn"]
[Date "2025.04.18"]
[Round "7.4"]
[White "Lamhauge, Eydun"]
[Black "Tummasarson, Flovin M."]
[Result "0-1"]
[Annotator "NA"]
[ECO "C54"]
[WhiteElo "1829"]
[BlackElo "1837"]
[PlyCount "64"]
[EventDate "2025.04.11"]
[EventType "tourn"]
[EventCountry "FAI"]
[SourceTitle "playchess.com"]
[Source "ChessBase"]
[SourceQuality "1"]
[TimeControl "40/5400+30:900+30"]

1. e4 e5 2. Nf3 Nc6 3. Bc4 Bc5 4. c3 Nf6 5. d4 exd4 6. cxd4 Bb4+ 7. Nc3 Nxe4 8. O-O Bxc3 9. d5 Ba5 10. dxc6 bxc6 11. Bxf7+ Kxf7 12. Qa4 Re8 13. Qxa5 d5 14. Bf4 Qf6 15. Bxc7 Bg4 16. Ne5+ Rxe5 17. Bxe5 Qxe5 18. Qb4 Rb8 19. Qa4 Qxb2 20. Qxc6 Be6 21. Qc7+ Kg6 22. Qf4 Rb6 23. Rfd1 Qf6 24. Qe3 Qg5 25. Qd3 Rb2 26. Rf1 Rd2 27. Qb5 Bh3 28. Qe8+ Kh6 29. g3 Qf6 30. Rac1 Rxf2 31. Rfe1 Rg2+ 32. Kh1 Nf2# 0-1